Map: Thunderbird LE

Players

DnS - Winner!

  • Race: Protoss Protoss
  • Spawn Location: 11:00

ShaDoWn

  • Race: Protoss Protoss
  • Spawn Location: 5:00

VOD

Have the link to the VOD?

Description

Time

  • Played on: Sept. 6, 2019, 8:40 p.m.
  • Length: 16:31
Show
View Real Time Build Order
Export as new Build Order

DnS Protoss - Winner!

Build Orders: Archon Immortal 

Get SALT Encoding   

  12  0:01  Probe  
  13  0:13  Probe  
  14  0:17  Pylon  
  14  0:24  Probe  
  15  0:32  Probe  
  15  0:37  Gateway  
  15  0:40  Probe  
  16  0:46  Assimilator  
  17  0:52  Probe  
  17  0:55  Assimilator  
  18  1:00  Probe  
  18  1:07  Gateway  
  18  1:09  Probe  
  20  1:19  Probe  
  20  1:24  Cybernetics Core  
  21  1:31  Probe  
  22  1:34  Pylon  
  22  1:43  Probe  
  23  1:55  Probe  
  23  2:00  Stalker  
  23  2:01  Sentry  
  28  2:02  Warp Gate  
  28  2:07  Pylon  
  28  2:21  Pylon  
  28  2:27  Stalker  
  30  2:30  Stalker  
  32  2:54  Pylon  
  32  2:57  Sentry  
  34  3:05  Shield Battery  
  34  3:12  Probe, Nexus  
  35  3:15  Shield Battery  
  35  3:26  Probe  
  35  3:29  Robotics Facility  
  35  3:34  Shield Battery  
  35  3:38  Probe  
  35  3:46  Probe  
  36  3:51  Shield Battery  
  36  3:52  Adept  
  36  3:53  Adept  
  41  3:56  Probe  
  41  4:02  Shield Battery  
  42  4:08  Probe  
  42  4:17  Immortal  
  42  4:18  Probe  
  42  4:20  Probe  
  48  4:25  Sentry  
  48  4:26  Probe  
  48  4:28  Pylon, Probe  
  51  4:35  Probe  
  51  4:37  Stargate  
  53  4:48  Probe x2  
  53  4:51  Adept  
  55  5:00  Probe x2  
  55  5:05  Pylon  
  55  5:07  Immortal  
  61  5:12  Probe  
  61  5:13  Phoenix  
  61  5:14  Pylon  
  62  5:20  Probe  
  63  5:24  Probe  
  66  5:29  Stalker  
  66  5:32  Probe  
  66  5:33  Assimilator  
  66  5:34  Assimilator  
  69  5:37  Warp Prism  
  69  5:38  Forge  
  69  5:48  Probe x2  
  73  5:52  Pylon  
  71  5:58  Protoss Ground Weapons Level 1  
  69  6:06  Probe  
  69  6:08  Twilight Council  
  70  6:13  Immortal  
  74  6:25  Gateway  
  74  6:26  Gateway  
  74  6:38  Gateway  
  74  6:39  Gateway  
  74  6:44  Gateway  
  74  6:47  Templar Archives  
  74  6:48  Charge  
  74  7:00  Probe  
  75  7:11  Nexus  
  75  7:15  Pylon  
  75  7:17  Observer  
  75  7:20  Gateway  
  75  7:21  Gateway  
  75  7:22  Zealot x4  
  84  7:28  Probe x2  
  86  7:34  Pylon  
  86  7:39  High Templar x2, Protoss Ground Weapons Level 2  
  86  7:43  Archon  
  90  7:53  High Templar x2  
  90  7:54  Zealot x2  
  90  7:57  Pylon, Archon  
  98  8:03  Probe x2  
  100  8:05  Immortal  
  104  8:19  Zealot x4  
  112  8:22  Probe x2  
  114  8:32  Probe  
  114  8:34  Probe x2  
  117  8:37  Immortal  
  117  8:46  Probe x3, Assimilator  
  117  8:48  Pylon, Assimilator  
  124  8:57  Zealot x3  
  124  9:01  Probe  
  130  9:03  Probe  
  130  9:05  Probe  
  130  9:07  Immortal  
  132  9:13  Probe  
  132  9:15  Probe  
  138  9:17  Probe  
  138  9:22  Pylon  
  138  9:23  Pylon  
  139  9:25  Pylon, Probe  
  140  9:40  Pylon  
  140  9:42  High Templar x6  
  152  9:47  Archon x3  
  152  9:48  Immortal  
  156  9:58  Pylon  
  156  10:00  Pylon  
  156  10:04  Protoss Ground Weapons Level 3, Phoenix  
  158  10:07  Stargate  
  158  10:22  Probe x3  
  158  10:24  Protoss Air Weapons Level 1, Nexus  
  158  10:25  Pylon  
  158  10:27  Pylon  
  161  10:29  Pylon, Phoenix  
  161  10:34  Fleet Beacon  
  163  10:45  Mothership, Phoenix  
  163  10:48  Photon Cannon  
  163  10:49  Photon Cannon  
  163  10:51  Phoenix  
  163  10:54  Phoenix  
  167  10:59  Photon Cannon  
  167  11:01  Photon Cannon, Phoenix  
  167  11:16  Phoenix  
  159  11:34  Observer  
  160  11:42  Zealot x2  
  160  11:43  Zealot x6  
  176  11:54  Phoenix x2  
  180  11:55  Observer  
  181  12:03  Zealot  
  181  12:04  Zealot x7  
  169  12:19  Phoenix x2  
  163  12:26  High Templar x2  
  163  12:27  Zealot x4, High Templar x2  
  179  12:31  Gateway, Archon x2  
  179  12:32  Gateway  
  179  12:34  Assimilator  
  179  12:35  Assimilator  
  179  12:48  Zealot x4, Tempest x2  
  193  13:02  Zealot x4  
  193  13:04  Protoss Shields Level 1  
  189  13:23  Tempest  
  187  13:29  Zealot x6  
  178  13:45  Zealot x2  
  172  13:51  High Templar x4  
  172  13:52  Zealot x2  
  172  13:54  Tempest  
  172  13:55  Archon x2  
  184  14:00  Tempest  
  184  14:03  Photon Cannon  
  184  14:04  Photon Cannon  
  184  14:08  Protoss Air Weapons Level 2  
  194  14:11  Warp Prism  
  194  14:17  Pylon  
  194  14:18  Photon Cannon  
  196  14:31  Photon Cannon  
  196  14:36  Zealot x2  
  198  14:42  Zealot  
  192  15:04  High Templar x4  
  192  15:06  Gateway  
  200  15:07  Gateway  
  200  15:08  Archon x2  
  200  15:10  Gateway  
  200  15:18  Nexus  
  200  15:19  Pylon  
  198  16:17  Zealot x5  
  197  16:24  Zealot x6  
  197  16:25  Zealot  
Show
View Real Time Build Order
Export as new Build Order

ShaDoWn Protoss 

Build Orders: Zealot Archon 

Get SALT Encoding   

  12  0:00  Probe  
  13  0:12  Probe  
  14  0:17  Pylon  
  14  0:24  Probe  
  15  0:32  Probe  
  15  0:37  Gateway  
  15  0:40  Probe  
  16  0:46  Assimilator  
  17  0:51  Probe  
  17  0:54  Assimilator  
  18  0:59  Probe  
  19  1:07  Gateway  
  19  1:08  Probe  
  19  1:17  Probe  
  20  1:24  Cybernetics Core  
  21  1:29  Probe  
  22  1:33  Pylon  
  22  1:41  Probe  
  23  1:50  Warp Gate  
  23  1:53  Probe  
  24  2:00  Adept x2  
  28  2:07  Pylon  
  28  2:30  Sentry  
  28  2:31  Sentry  
  28  2:34  Nexus  
  33  2:37  Probe  
  33  2:47  Robotics Facility  
  33  2:51  Probe  
  33  3:01  Pylon  
  33  3:03  Probe  
  34  3:15  Probe  
  35  3:24  Immortal  
  35  3:27  Probe  
  35  3:32  Pylon  
  36  3:39  Probe  
  41  3:43  Stalker  
  41  3:46  Probe  
  44  3:50  Immortal  
  44  3:51  Probe  
  43  3:58  Probe  
  44  4:05  Probe  
  49  4:10  Probe  
  49  4:17  Probe  
  49  4:20  Stalker  
  49  4:22  Warp Prism, Probe  
  52  4:28  Shield Battery  
  54  4:32  Probe  
  56  4:39  Shield Battery  
  56  4:40  Stalker  
  56  4:43  Probe  
  57  4:45  Probe  
  57  4:52  Observer  
  58  4:54  Assimilator  
  58  4:55  Forge, Probe  
  58  4:56  Assimilator  
  58  4:58  Probe  
  61  5:06  Twilight Council  
  61  5:07  Probe  
  61  5:10  Probe  
  61  5:14  Pylon  
  63  5:16  Zealot  
  63  5:19  Probe, Protoss Ground Weapons Level 1  
  66  5:22  Zealot, Probe  
  69  5:33  Pylon  
  69  5:34  Pylon  
  69  5:44  Probe, Charge  
  69  5:48  Observer, Templar Archives  
  71  6:00  Probe  
  70  6:07  Gateway  
  70  6:08  Gateway  
  70  6:12  Nexus  
  70  6:13  Pylon  
  70  6:20  Gateway  
  70  6:21  Gateway  
  70  6:27  Gateway  
  70  6:29  Gateway  
  70  6:33  High Templar x2  
  70  6:36  Pylon  
  74  6:44  Immortal  
  74  6:45  Archon  
  78  6:57  Probe  
  78  6:59  Pylon, Phoenix  
  75  7:04  Zealot x2  
  75  7:08  Stargate  
  77  7:17  Zealot x2, High Templar x2  
  77  7:18  Shield Battery  
  77  7:21  Archon, Protoss Ground Weapons Level 2  
  85  7:34  Observer  
  85  7:38  High Templar  
  85  7:39  Phoenix, High Templar, Zealot x4  
  85  7:44  Archon, Phoenix  
  99  8:03  Probe x3  
  102  8:06  Phoenix  
  102  8:11  Zealot x7  
  118  8:15  Probe  
  119  8:23  Probe  
  120  8:28  Probe  
  120  8:32  Pylon  
  122  8:36  Photon Cannon x2, Probe  
  122  8:37  Photon Cannon  
  122  8:38  Probe  
  122  8:40  Probe  
  124  8:48  Probe  
  125  8:49  Assimilator x2  
  125  8:51  Pylon  
  125  9:01  High Templar x4  
  133  9:04  Robotics Bay  
  133  9:07  Archon x2  
  133  9:09  Probe x3  
  136  9:11  Pylon x2  
  136  9:15  Robotics Facility  
  136  9:21  Protoss Ground Weapons Level 3  
  136  9:27  Pylon  
  136  9:38  Probe  
  136  9:41  Pylon  
  137  9:45  Shield Battery  
  137  9:47  Phoenix  
  137  9:50  Nexus  
  137  9:51  Colossus x2  
  137  9:52  Pylon  
  149  10:11  Pylon, Extended Thermal Lance  
  149  10:24  Photon Cannon  
  149  10:26  Shield Battery  
  149  10:27  Colossus x2  
  149  10:30  Probe x3  
  149  10:33  Assimilator  
  152  10:37  Assimilator  
  152  10:42  Probe x2  
  166  10:51  High Templar  
  166  10:52  Zealot x2, High Templar  
  166  10:54  Pylon  
  166  10:55  Pylon  
  174  11:07  Archon  
  174  11:10  Pylon  
  174  11:13  High Templar x2, Zealot x3  
  174  11:14  Zealot  
  178  11:21  Archon  
  172  11:28  High Templar x2  
  172  11:30  Disruptor  
  172  11:31  Photon Cannon  
  172  11:32  Archon  
  176  11:34  Zealot x2, High Templar x2  
  176  11:38  Archon  
  181  11:55  High Templar x2  
  181  11:56  Zealot x2  
  181  12:00  Archon  
  187  12:06  Pylon  
  187  12:07  Zealot x4  
  195  12:09  Warp Prism  
  179  12:20  High Templar x2  
  163  12:25  Archon  
  163  12:26  Gateway  
  163  12:27  High Templar x2  
  163  12:28  Gateway, Zealot x4  
  175  12:31  Archon  
  175  12:33  Photon Cannon  
  175  12:50  High Templar x4  
  183  12:53  Zealot x2  
  183  12:55  Archon x2  
  177  13:00  Observer  
  153  13:06  Zealot x2  
  153  13:07  Disruptor  
  152  13:14  Zealot x2  
  152  13:18  Disruptor  
  152  13:20  Stargate  
  152  13:25  Stalker x5  
  165  13:30  Zealot x3  
  171  13:37  Disruptor  
  145  13:42  Zealot x2  
  145  13:46  Disruptor  
  131  14:03  Fleet Beacon, High Templar  
  131  14:04  Zealot x5, High Templar  
  145  14:15  Archon  
  145  14:16  Disruptor  
  148  14:18  Mothership  
  148  14:22  Shield Battery, Photon Cannon  
  148  14:38  Nexus  
  144  14:48  Tempest  
  144  14:49  Tempest  
  158  14:57  Warp Prism  
  158  15:01  Observer  
  158  15:06  Pylon  
  156  15:15  Stargate  
  156  15:19  Tempest  
  156  15:20  Tempest  
  163  15:37  Nexus  
  135  16:16  Zealot x5  
  135  16:17  Zealot x2  
  132  16:25  Zealot x2  
Tags
 
Add a new tag
Caveats
  • Supply blocks, unpowered buildings, or Contaminate may cause inaccurate times.
  • Supply counts are checked every 10 seconds.